[ AOE2 MATCH · #507365486 ]
UnrankedVikings vs Wu
Player's team · WIN
Rival team · LOSS
[ REPLAY ANALYSIS · EXTRACTED FROM THE RECORDED GAME ]
Feudal
9:16
Castle
22:06
Imperial
35:05
| APM avg | 59.3 |
| APM peak | 89 |
| eAPM avg | 28.8 |
| Villagers / military | 154 / 143 |
Focus
⚔️ 36.9% · 🌾 63.1%
Berserk ×60 · Skirmisher ×42 · Archer ×17 · Trebuchet (Packed) ×11 · Knight ×8 · Scout Cavalry ×4
Feudal
8:51
Castle
19:33
Imperial
39:03
| APM avg | 62.2 |
| APM peak | 107 |
| eAPM avg | 41.9 |
| Villagers / military | 199 / 59 |
Focus
⚔️ 52.6% · 🌾 47.4%
Archer ×34 · Unknown (1974) ×23 · Unknown (1968) ×16 · Skirmisher ×10 · Militia ×6 · Unknown (1942) ×6
Match map
Initial resources + every placement click. Lines = walls · curves = elevation contours. ◆ gold · ⬟ stone · ● berries · ✦ relic · ◌ wall gap
Your base· Open — opponent sealed themselves in
No more T1LT's base· ✓ Closed at 19:33 · 27t walls · no gate
Smoothed initial terrain · ◌ = detected wall gap · hover for details
Inputs per minute
— JOJO ROAD ROLLER - - No more T1LT
Build order — JOJO ROAD ROLLER
First 150 of 543 actions detected
| 0:00 | Create | Villager (Male) ×4 |
| 0:01 | Build | House |
| 0:03 | Build | House |
| 1:26 | Create | Villager (Male) |
| 1:27 | Create | Villager (Male) |
| 2:00 | Create | Villager (Male) |
| 2:05 | Build | Lumber Camp |
| 2:15 | Create | Villager (Male) |
| 2:49 | Create | Villager (Male) |
| 3:11 | Create | Villager (Male) |
| 3:41 | Create | Villager (Male) |
| 3:41 | Create | Villager (Male) |
| 3:50 | Build | House |
| 3:55 | Create | Villager (Male) |
| 4:24 | Create | Villager (Male) |
| 4:28 | Create | Villager (Male) |
| 4:32 | Build | House |
| 4:36 | Build | Palisade Wall |
| 4:37 | Build | Palisade Wall |
| 5:23 | Create | Villager (Male) |
| 5:28 | Create | Villager (Male) |
| 5:28 | Create | Villager (Male) |
| 5:31 | Create | Villager (Male) |
| 5:40 | Build | Palisade Wall |
| 5:42 | Build | Palisade Wall |
| 5:47 | Build | Mill |
| 5:54 | Research | Loom |
| 7:04 | Research | Feudal Age |
| 7:12 | Build | Lumber Camp |
| 7:45 | Build | Palisade Wall |
| 7:50 | Build | Palisade Wall |
| 8:11 | Build | Palisade Wall |
| 9:05 | Create | Villager (Male) |
| 9:08 | Build | Barracks |
| 9:16 | Age | Feudal Age |
| 9:18 | Create | Villager (Male) |
| 9:25 | Build | Palisade Wall |
| 9:27 | Build | Palisade Wall |
| 9:28 | Build | Palisade Wall |
| 9:31 | Build | Palisade Wall |
| 9:38 | Build | Palisade Wall |
| 9:40 | Build | Palisade Wall |
| 9:50 | Create | Villager (Male) |
| 9:51 | Create | Villager (Male) |
| 9:52 | Build | Archery Range |
| 10:05 | Create | Villager (Male) |
| 10:16 | Build | House |
| 10:31 | Create | Skirmisher |
| 10:40 | Create | Archer |
| 10:56 | Build | Mining Camp |
| 11:01 | Build | Palisade Gate |
| 11:12 | Create | Villager (Male) |
| 11:24 | Build | Palisade Wall |
| 11:25 | Build | Palisade Wall |
| 11:26 | Build | Palisade Wall |
| 11:27 | Create | Villager (Male) |
| 11:27 | Create | Villager (Male) |
| 11:46 | Build | House |
| 11:47 | Build | Palisade Wall |
| 11:50 | Build | Palisade Wall |
| 11:56 | Create | Villager (Male) |
| 11:58 | Build | Palisade Wall |
| 12:00 | Build | House |
| 12:08 | Create | Villager (Male) |
| 12:09 | Create | Skirmisher |
| 12:16 | Build | House |
| 12:33 | Build | Palisade Wall |
| 12:37 | Create | Villager (Male) |
| 12:42 | Build | Blacksmith |
| 12:46 | Build | Palisade Wall |
| 12:47 | Build | Palisade Wall |
| 12:50 | Build | Palisade Wall |
| 12:56 | Build | Palisade Wall |
| 13:10 | Build | Palisade Wall |
| 13:15 | Build | Farm |
| 13:16 | Build | Farm |
| 13:19 | Create | Skirmisher |
| 13:22 | Build | Farm |
| 13:23 | Build | Farm |
| 13:26 | Create | Villager (Male) |
| 13:26 | Create | Villager (Male) |
| 13:34 | Research | Fletching |
| 13:45 | Build | Farm |
| 13:45 | Build | Farm |
| 13:46 | Create | Villager (Male) |
| 14:03 | Create | Skirmisher |
| 14:05 | Build | Farm |
| 14:18 | Build | Palisade Wall |
| 14:19 | Build | Palisade Wall |
| 14:25 | Build | Palisade Wall |
| 14:26 | Build | Palisade Wall |
| 14:38 | Create | Villager (Male) |
| 14:40 | Create | Archer |
| 14:49 | Build | Archery Range |
| 15:00 | Create | Archer |
| 15:03 | Build | House |
| 15:06 | Create | Archer |
| 15:10 | Create | Villager (Male) |
| 15:10 | Create | Villager (Male) |
| 15:13 | Create | Archer |
| 15:15 | Build | Palisade Wall |
| 15:17 | Build | Palisade Wall |
| 15:18 | Build | Palisade Wall |
| 15:29 | Build | Farm |
| 15:29 | Build | Farm |
| 15:46 | Create | Archer |
| 15:47 | Build | Farm |
| 15:48 | Research | Double-Bit Axe |
| 15:50 | Create | Archer |
| 16:11 | Create | Archer |
| 16:22 | Build | Farm |
| 16:23 | Build | Farm |
| 16:38 | Create | Villager (Male) |
| 16:38 | Create | Villager (Male) |
| 16:39 | Create | Villager (Male) |
| 16:43 | Create | Archer |
| 16:54 | Create | Archer |
| 17:02 | Build | House |
| 17:03 | Build | House |
| 17:11 | Build | Farm |
| 17:12 | Create | Archer |
| 17:24 | Build | Farm |
| 17:31 | Create | Villager (Male) |
| 17:32 | Build | Farm |
| 17:55 | Create | Villager (Male) |
| 18:03 | Create | Archer |
| 18:08 | Build | House |
| 18:20 | Create | Archer |
| 18:27 | Build | Farm |
| 18:47 | Create | Villager (Male) |
| 18:55 | Build | Stable |
| 19:23 | Build | House |
| 19:26 | Research | Castle Age |
| 19:44 | Build | House |
| 20:04 | Create | Scout Cavalry |
| 20:04 | Create | Scout Cavalry |
| 20:07 | Create | Archer |
| 20:07 | Create | Archer |
| 20:13 | Research | Horse Collar |
| 20:32 | Build | Palisade Gate |
| 20:37 | Create | Scout Cavalry |
| 20:41 | Research | Scale Barding Armor |
| 20:42 | Create | Archer |
| 20:42 | Create | Archer |
| 20:57 | Build | Farm |
| 21:00 | Research | Gold Mining |
| 21:09 | Create | Scout Cavalry |
| 21:14 | Build | Farm |
| 21:33 | Build | Farm |
| 21:34 | Build | Farm |
Build order — No more T1LT
First 150 of 556 actions detected
| 0:00 | Create | Villager (Male) |
| 0:01 | Create | Villager (Male) |
| 0:02 | Build | House |
| 0:02 | Build | House |
| 0:06 | Create | Villager (Male) |
| 0:13 | Create | Villager (Male) |
| 1:19 | Create | Villager (Male) |
| 2:01 | Create | Villager (Male) |
| 2:06 | Build | Lumber Camp |
| 2:26 | Create | Villager (Male) |
| 2:26 | Create | Villager (Male) |
| 2:48 | Create | Villager (Male) |
| 3:15 | Create | Villager (Male) |
| 3:29 | Create | Villager (Male) |
| 4:00 | Build | House |
| 4:08 | Create | Villager (Male) |
| 4:08 | Create | Villager (Male) |
| 4:17 | Create | Villager (Male) |
| 4:48 | Build | Barracks |
| 4:57 | Create | Villager (Male) |
| 4:57 | Create | Villager (Male) |
| 4:58 | Create | Villager (Male) |
| 4:58 | Create | Villager (Male) |
| 5:24 | Create | Villager (Male) |
| 5:31 | Build | House |
| 6:01 | Research | Loom |
| 6:35 | Research | Feudal Age |
| 6:48 | Create | Militia |
| 7:12 | Create | Militia |
| 7:33 | Create | Militia |
| 7:56 | Build | Mill |
| 8:01 | Create | Villager (Male) |
| 8:18 | Build | House |
| 8:51 | Age | Feudal Age |
| 9:01 | Research | Man-at-Arms (upgrade) |
| 9:07 | Build | Archery Range |
| 9:09 | Build | Archery Range |
| 9:13 | Create | Villager (Male) |
| 9:25 | Create | Villager (Male) |
| 9:28 | Build | Mining Camp |
| 9:43 | Research | Double-Bit Axe |
| 9:44 | Create | Villager (Male) |
| 10:03 | Build | House |
| 10:04 | Create | Villager (Male) |
| 10:15 | Build | Palisade Wall |
| 10:30 | Build | Palisade Wall |
| 10:34 | Create | Villager (Male) |
| 10:45 | Create | Militia |
| 10:56 | Create | Villager (Male) |
| 11:08 | Create | Villager (Male) |
| 11:09 | Build | Farm |
| 11:11 | Build | Farm |
| 11:11 | Build | Farm |
| 11:27 | Create | Militia |
| 11:30 | Create | Archer |
| 11:32 | Create | Villager (Male) |
| 11:50 | Build | Farm |
| 11:53 | Build | House |
| 11:59 | Build | House |
| 12:01 | Create | Villager (Male) |
| 12:12 | Create | Archer |
| 12:15 | Build | Farm |
| 12:23 | Create | Villager (Male) |
| 12:24 | Build | House |
| 12:28 | Create | Archer |
| 12:54 | Create | Villager (Male) |
| 12:58 | Build | House |
| 13:06 | Create | Villager (Male) |
| 13:08 | Build | Farm |
| 13:09 | Build | Farm |
| 13:20 | Build | Palisade Wall |
| 13:32 | Build | Farm |
| 13:33 | Build | Farm |
| 13:44 | Create | Villager (Male) |
| 13:59 | Create | Villager (Male) |
| 14:07 | Build | Farm |
| 14:08 | Build | Farm |
| 14:10 | Build | Palisade Wall |
| 14:30 | Build | Farm |
| 14:45 | Build | Palisade Wall |
| 14:48 | Create | Villager (Male) |
| 14:58 | Build | Farm |
| 15:09 | Build | Blacksmith |
| 15:24 | Create | Villager (Male) |
| 15:28 | Create | Villager (Male) |
| 15:30 | Build | Farm |
| 15:47 | Build | Mining Camp |
| 16:07 | Create | Skirmisher |
| 16:08 | Create | Villager (Male) |
| 16:36 | Build | House |
| 16:38 | Build | Stone Wall |
| 16:41 | Build | Stone Wall |
| 16:44 | Build | Stone Wall |
| 16:53 | Research | Castle Age |
| 16:53 | Research | Castle Age |
| 16:56 | Build | Lumber Camp |
| 17:14 | Create | Skirmisher |
| 17:14 | Create | Skirmisher |
| 17:26 | Build | House |
| 17:26 | Build | House |
| 17:33 | Create | Skirmisher |
| 17:34 | Research | Fletching |
| 17:34 | Research | Fletching |
| 17:52 | Create | Villager (Male) |
| 18:06 | Research | Gold Mining |
| 18:10 | Create | Skirmisher |
| 18:11 | Create | Villager (Male) |
| 18:25 | Research | Padded Archer Armor |
| 18:26 | Create | Skirmisher |
| 18:33 | Research | Horse Collar |
| 18:38 | Create | Skirmisher |
| 18:45 | Create | Militia |
| 18:56 | Build | Market |
| 18:58 | Create | Skirmisher |
| 18:58 | Create | Villager (Male) |
| 19:23 | Create | Skirmisher |
| 19:33 | Age | Castle Age |
| 19:41 | Create | Villager (Male) |
| 19:52 | Create | Unit 1974 |
| 20:08 | Create | Villager (Male) |
| 20:18 | Build | Farm |
| 20:19 | Build | Farm |
| 20:22 | Create | Villager (Male) |
| 20:26 | Build | Town Center |
| 20:37 | Create | Unit 1974 |
| 20:38 | Create | Villager (Male) |
| 20:48 | Research | Wheelbarrow |
| 20:55 | Create | Villager (Male) |
| 21:04 | Create | Archer |
| 21:05 | Create | Unit 1974 |
| 21:06 | Create | Skirmisher |
| 21:24 | Build | Castle |
| 21:30 | Build | Farm |
| 21:34 | Build | House |
| 21:46 | Research | Bodkin Arrow |
| 21:47 | Research | Bodkin Arrow |
| 22:01 | Build | Farm |
| 22:01 | Build | Farm |
| 22:03 | Build | Farm |
| 22:04 | Create | Villager (Male) |
| 22:10 | Build | Castle |
| 22:23 | Create | Villager (Male) |
| 22:32 | Build | Farm |
| 22:32 | Build | Farm |
| 22:36 | Create | Villager (Male) |
| 22:43 | Create | Villager (Male) |
| 22:44 | Build | Farm |
| 22:49 | Build | Farm |
| 23:00 | Create | Villager (Male) |
| 23:01 | Research | Town Watch |
Match timeline
| 4:36 | JOJO ROAD ROLLER · wall_segment Palisade Wall x3 |
| 4:37 | JOJO ROAD ROLLER · wall_segment Palisade Wall x7 |
| 4:48 | No more T1LT · first_building Barracks |
| 5:40 | JOJO ROAD ROLLER · wall_segment Palisade Wall x3 |
| 5:42 | JOJO ROAD ROLLER · wall_segment Palisade Wall x4 |
| 7:45 | JOJO ROAD ROLLER · wall_segment Palisade Wall x7 |
| 7:50 | JOJO ROAD ROLLER · wall_segment Palisade Wall x5 |
| 8:11 | JOJO ROAD ROLLER · wall_segment Palisade Wall x6 |
| 8:51 | No more T1LT · age_up feudal |
| 9:07 | No more T1LT · first_building Archery Range |
| 9:08 | JOJO ROAD ROLLER · first_building Barracks |
| 9:16 | JOJO ROAD ROLLER · age_up feudal |
| 9:25 | JOJO ROAD ROLLER · wall_segment Palisade Wall x2 |
| 9:27 | JOJO ROAD ROLLER · wall_segment Palisade Wall x1 |
| 9:28 | JOJO ROAD ROLLER · wall_segment Palisade Wall x1 |
| 9:31 | JOJO ROAD ROLLER · wall_segment Palisade Wall x2 |
| 9:38 | JOJO ROAD ROLLER · wall_segment Palisade Wall x1 |
| 9:40 | JOJO ROAD ROLLER · wall_segment Palisade Wall x1 |
| 9:52 | JOJO ROAD ROLLER · first_building Archery Range |
| 10:15 | No more T1LT · wall_segment Palisade Wall x4 |
| 10:30 | No more T1LT · wall_segment Palisade Wall x8 |
| 11:24 | JOJO ROAD ROLLER · wall_segment Palisade Wall x1 |
| 11:25 | JOJO ROAD ROLLER · wall_segment Palisade Wall x1 |
| 11:26 | JOJO ROAD ROLLER · wall_segment Palisade Wall x1 |
| 11:47 | JOJO ROAD ROLLER · wall_segment Palisade Wall x1 |
| 11:50 | JOJO ROAD ROLLER · wall_segment Palisade Wall x1 |
| 11:58 | JOJO ROAD ROLLER · wall_segment Palisade Wall x1 |
| 12:33 | JOJO ROAD ROLLER · wall_segment Palisade Wall x1 |
| 12:46 | JOJO ROAD ROLLER · wall_segment Palisade Wall x1 |
| 12:47 | JOJO ROAD ROLLER · wall_segment Palisade Wall x1 |
| 12:50 | JOJO ROAD ROLLER · wall_segment Palisade Wall x1 |
| 12:56 | JOJO ROAD ROLLER · wall_segment Palisade Wall x1 |
| 13:10 | JOJO ROAD ROLLER · wall_segment Palisade Wall x1 |
| 13:20 | No more T1LT · wall_segment Palisade Wall x5 |
| 14:10 | No more T1LT · wall_segment Palisade Wall x4 |
| 14:18 | JOJO ROAD ROLLER · wall_segment Palisade Wall x1 |
| 14:19 | JOJO ROAD ROLLER · wall_segment Palisade Wall x1 |
| 14:25 | JOJO ROAD ROLLER · wall_segment Palisade Wall x1 |
| 14:26 | JOJO ROAD ROLLER · wall_segment Palisade Wall x1 |
| 14:45 | No more T1LT · wall_segment Palisade Wall x2 |
| 15:15 | JOJO ROAD ROLLER · wall_segment Palisade Wall x1 |
| 15:17 | JOJO ROAD ROLLER · wall_segment Palisade Wall x1 |
| 15:18 | JOJO ROAD ROLLER · wall_segment Palisade Wall x1 |
| 16:38 | No more T1LT · wall_segment Stone Wall x1 |
| 16:41 | No more T1LT · wall_segment Stone Wall x1 |
| 16:44 | No more T1LT · wall_segment Stone Wall x2 |
| 18:55 | JOJO ROAD ROLLER · first_building Stable |
| 19:33 | No more T1LT · age_up castle |
| 21:24 | No more T1LT · first_building Castle |
| 22:06 | JOJO ROAD ROLLER · age_up castle |
| 23:16 | JOJO ROAD ROLLER · wall_segment Palisade Wall x1 |
| 23:28 | No more T1LT · wall_segment Palisade Wall x1 |
| 23:36 | No more T1LT · first_market_buy 100 wood |
| 24:45 | No more T1LT · wall_segment Palisade Wall x1 |
| 25:03 | No more T1LT · first_building Siege Workshop |
| 25:56 | No more T1LT · first_market_sell 100 food |
| 30:10 | JOJO ROAD ROLLER · first_building Castle |
| 31:34 | JOJO ROAD ROLLER · first_market_sell 500 wood |
| 31:36 | JOJO ROAD ROLLER · first_market_buy 100 food |
| 32:12 | No more T1LT · first_building Monastery |
| 35:05 | JOJO ROAD ROLLER · age_up imperial |
| 37:18 | No more T1LT · wall_segment Stone Wall x8 |
| 39:00 | JOJO ROAD ROLLER · first_building Monastery |
| 39:03 | No more T1LT · age_up imperial |
| 46:46 | No more T1LT · resign |
[ AI ANALYSIS · 1 CREDIT ]
What really happened in this match?
Wolo.gg analyzes every decision: build order, eco, micro, common mistakes by bracket. Personalized analysis on WhatsApp or Discord in 30 seconds.
Civ guide
Vikings
Perfil
Jugador #12249685